 Dungeon Crawl Stone Soup version 0.25-a0-424-g80bd347 (webtiles) character file.

Game seed: 3236851114557562069, levelgen mode: deterministic

59180 15 the Devastator (level 14, -8/76 HPs)
             Began as a Tengu Fire Elementalist on Jan 21, 2020.
             Was a High Priest of Vehumet.
             Mangled by a two-headed ogre
             ... wielding a +0 giant spiked club
              (16 damage)
             ... on level 13 of the Dungeon on Jan 22, 2020.
             The game lasted 04:00:45 (31511 turns).

15 the Devastator (Tengu Fire Elementalist)        Turns: 31511, Time: 04:00:46

Health: -8/76      AC: 15    Str:  9    XL:     14   Next: 93%
Magic:  20/29      EV: 19    Int: 25    God:    Vehumet [*****.]
Gold:   966        SH:  0    Dex: 16    Spells: 0/34 levels left

rFire    . . .     SeeInvis .   e - +7 eveningstar (protect)
rCold    + + .     Gourm    .   (no shield)
rNeg     + . .     Faith    .   L - +2 robe "Bosm" {rC+ MR+ Dex+2 Stlth+}
rPois    +         Spirit   .   (helmet restricted)
rElec    .         Reflect  .   M - +1 cloak {rPois}
rCorr    .         Harm     .   (no gloves)
MR       ++...     Rnd*Rage +   (boots unavailable)
Stlth    ++++......             l - amulet of the acrobat
HPRegen  0.22/turn              R - ring "Cumuho" {+Inv rC+ rN+ Str-2}
MPRegen  0.21/turn              D - ring "Qaerch" {+Fly Int+6}

@: protection aura, flying quickly and evasively, quick
A: beak, talons 3, slimy green scales 1, berserk 1, able to fly
a: Stop Flying, Renounce Religion, Evoke Invisibility


You were on level 13 of the Dungeon.
You worshipped Vehumet.
Vehumet was extremely pleased with you.
You were not hungry.

You visited 3 branches of the dungeon, and saw 20 of its levels.
You also visited: Ossuary and Bailey.

You collected 2331 gold pieces.
You spent 1365 gold pieces at shops.

Inventory:

Hand Weapons
 e - a +7 eveningstar of protection (weapon)
 j - a +1 flail of holy wrath
 k - a +0 short sword of electrocution
 o - the +11 bardiche of Defilement {flame, rC+ Str+3}
   (You found it on level 4 of the Lair of Beasts)

   It has been specially enchanted to burn those struck by it, causing extra
   injury to most foes and up to half again as much damage against particularly
   susceptible opponents.
   Big, fiery blades are also staple armaments of hydra-hunters.
   It affects your strength (+3).
   It protects you from cold.
 A - a +6 vampiric rapier
 C - the +9 staff of Olgreb {rPois∞}
   (You found it on level 5 of the Dungeon)

   It grants immunity to poison.
 H - the +5 great mace "Dawagu" {vorpal, *Rage +Rage rF+ Int+4}
   (You took it off a centaur warrior on level 12 of the Dungeon)

   It inflicts extra damage upon your enemies.
   It affects your intelligence (+4).
   It protects you from fire.
   It lets you go berserk.
   It may make you go berserk in combat.
Missiles
 E - 6 throwing nets (quivered)
Armour
 L - the +2 robe "Bosm" (worn) {rC+ MR+ Dex+2 Stlth+}
   (You bought it in a shop on level 6 of the Dungeon)

   It affects your dexterity (+2).
   It protects you from cold.
   It affects your resistance to hostile enchantments.
   It makes you more stealthy.
 M - a +1 cloak of poison resistance (worn)
Magical Staves
 g - an uncursed staff of earth
Jewellery
 h - an uncursed ring of ice
 i - a +3 ring of dexterity
 l - an amulet of the acrobat (around neck)
 p - an uncursed ring of wizardry
 r - an uncursed ring of positive energy
 y - an uncursed ring of protection from fire
 z - an uncursed ring of resist corrosion
 D - the ring "Qaerch" (right hand) {+Fly Int+6}
   (You bought it in a shop on level 6 of the Dungeon)

   [ring of flight]

   It affects your intelligence (+6).
   It lets you fly.
 F - an uncursed ring of protection from magic
 I - an uncursed ring of stealth
 K - an uncursed ring of magical power
 Q - an uncursed ring of protection from fire
 R - the ring "Cumuho" (left hand) {+Inv rC+ rN+ Str-2}
   (You found it on level 12 of the Dungeon)

   [ring of protection from cold]

   It affects your strength (-2).
   It protects you from cold.
   It protects you from negative energy.
   It lets you turn invisible.
Wands
 a - a wand of acid (6)
 d - a wand of flame (68)
 n - a wand of paralysis (12)
 s - a wand of digging (4)
 w - a wand of disintegration (5)
Scrolls
 t - 8 scrolls of remove curse
 x - 2 scrolls of enchant weapon
 N - a scroll of fog
 O - a scroll of magic mapping
Potions
 f - 9 potions of curing
 m - 3 potions of brilliance
 u - 2 potions of ambrosia
 v - 2 potions of lignification
Miscellaneous
 b - a fan of gales
 B - a phantom mirror
 G - 4 boxes of beasts
 P - a lamp of fire
Comestibles
 c - 15 rations
 q - 5 chunks of flesh


   Skills:
 + Level 4.3 Fighting
 + Level 6.0(6.7) Short Blades
   Level 4.3(5.8) Long Blades
 + Level 2.3(2.5) Maces & Flails
 + Level 2.0(2.3) Polearms
 + Level 1.4(2.5) Staves
 + Level 0.1 Throwing
 * Level 3.5 Armour
 * Level 5.9 Dodging
 + Level 5.7 Stealth
 + Level 10.6 Spellcasting
 * Level 17.1 Conjurations
 + Level 0.6 Hexes
 + Level 10.3 Fire Magic
 * Level 10.2 Air Magic
 + Level 2.5 Earth Magic
 * Level 7.5 Evocations


You couldn't memorise any spells.
You knew the following spells:

 Your Spells              Type           Power        Failure   Level  Hunger
a - Foxfire               Conj/Fire      ####         0%          1    None
b - Conjure Flame         Conj/Fire      ######..     1%          3    None
c - Conjure Ball Lightni  Conj/Air       ######....   1%          6    #####..
d - Sticky Flame          Conj/Fire      ######..     1%          4    None
e - Fireball              Conj/Fire      ######....   1%          5    ####...
f - Corpse Rot            Necr/Air       N/A          1%          2    None
g - Shock                 Conj/Air       ####         0%          1    None
h - Stone Arrow           Conj/Erth      ######       1%          3    None
i - Dazzling Flash        Conj/Hex       ######       1%          3    None
j - Iron Shot             Conj/Erth      ######....   3%          6    #####..

Your spell library contained the following spells:

 Spells                   Type           Power        Failure   Level  Hunger
 Iskenderun's Battlesphe  Conj/Chrm      ######..     1%          5    ####...
 Magic Dart               Conj           ####         0%          1    None
 Inner Flame              Hex/Fire       #####...     1%          3    None
 Beastly Appendage        Tmut           ##....       4%          1    None
 Passwall                 Tmut/Erth      ###.....     4%          2    None
 Statue Form              Tmut/Erth      ###......    99%         6    #####..


Dungeon Overview and Level Annotations

Branches:
Dungeon (13/15)            Temple (1/1) D:7            Lair (6/6) D:11
  Swamp (0/4) Lair:3        Snake (0/4) Lair:4        Slime (0/5) Lair:6
    Orc (0/2) D:10        Ossuary (visited)          Bailey (visited)
 Vaults: D:13-14

Altars:
Ashenzari
Cheibriados
Dithmenos
Elyvilon
Fedhas
Gozag
Hepliaklqana
Kikubaaqudgha
Makhleb
Nemelex Xobeh
Okawaru
Qazlal
Ru
Sif Muna
Trog
Uskayaw
Vehumet
Wu Jian
Xom
Yredelemnul
Zin
The Shining One
Beogh
Jiyva

Shops:
D:6 *[=!

Annotations:
D:5 1 runed translucent door
D:12 3 runed translucent doors
Lair:3 3 runed translucent doors, Simyp's ghost, journeyman OpCj


Innate Abilities, Weirdness & Mutations

You have a beak for a mouth.
You have claws for feet.
You can fly continuously.
You are partially covered in slimy green scales. (AC +2)
You tend to lose your temper in combat.


Message History

The two-headed ogre is heavily wounded.
The two-headed ogre is covered in liquid flames!
The two-headed ogre burns!
The two-headed ogre hits you with a +0 giant spiked club!
The two-headed ogre hits you with a +0 giant club!!
* * * LOW HITPOINT WARNING * * *
Okay, then.
Okay, then.
You feel the dreadful sensation subside.
Your +7 eveningstar of protection hums with potential!
e - a +7 eveningstar of protection (weapon)
You hit the two-headed ogre.
Your weapon exudes an aura of protection.
Your kick misses the two-headed ogre.
The two-headed ogre is heavily wounded.
The two-headed ogre burns!
The two-headed ogre hits you with a +0 giant spiked club!
* * * LOW HITPOINT WARNING * * *
The two-headed ogre hits you with a +0 giant club!
You die...

# #.########.# #.##.##
####.##..........# #.##.##
.....############# . #.##.##
###### ####... ####.## ####
###....#.. #... ...#
#)'.....# #.## ##.#
#.#......# #.## ##.##
#O#####..{ #### ....########
#@##### . .#.(.......#
#.....# .........#.# ###.###
##.#####.# #.# .#.#####.#
#.# .........# ##.###
...####>.# # #....## ...#
#..#.# ###..<..######
...####..#.####.............


You could see a two-headed ogre (burning).

Vanquished Creatures
  A fire dragon (Lair:6)
  Fannar (D:12)
  2 hydras
  A catoblepas (D:12)
  4 centaur warriors
  A two-headed ogre (D:8)
  17 death yaks
  Urug (Lair:4)
  Nergalle (D:11)
  A death drake (shapeshifter) (D:12)
  An unseen horror (D:12)
  A swamp dragon (Lair:6)
  An orc knight (D:11)
  4 oklob plants (Lair:3)
  Maurice (D:8)
  Psyche (D:8)
  2 elephants (Lair:6)
  Joseph (D:8)
  4 black mambas
  A gargoyle (D:12)
  10 spiny frogs
  3 rime drakes
  8 komodo dragons
  A tyrant leech (Lair:3)
  3 trolls
  A polar bear (Lair:4)
  Prince Ribbit (D:5)
  Grinder (D:5)
  16 blink frogs
  7 dream sheep (Lair:6)
  7 hippogriffs
  3 slime creatures (D:12)
  2 wyverns (D:12)
  A wraith (D:12)
  Eustachio (D:5)
  29 yaks
  6 basilisks
  Grum (D:11)
  A steam dragon (Lair:6)
  3 vampire mosquitoes (D:12)
  A hungry ghost (D:10)
  A naga (Lair:4)
  5 acid dragons
  5 soldier ants (D:5)
  3 porcupines
  A swamp drake (Lair:6)
  14 orc warriors
  11 water moccasins
  2 sky beasts
  3 ice beasts
  A phantom (D:12)
  A necrophage (D:12)
  3 black bears
  12 centaurs
  13 wolves
  8 ogres
  3 big kobolds
  8 crocodiles
  13 bullfrogs
  2 elf skeletons (D:8)
  8 gnoll sergeants (Bailey)
  2 wyvern zombies (D:12)
  A jelly (D:9)
  6 scorpions
  15 killer bees
  3 wights (D:12)
  An electric eel (Lair:3)
  3 crimson imps
  6 gnoll shamans (Bailey)
  3 centaur skeletons
  2 centaur zombies
  6 hounds
  16 orc priests
  2 human zombies
  28 orc wizards
  2 bullfrog skeletons
  Crazy Yiuf (D:4)
  5 iguanas
  A human skeleton (D:8)
  12 worker ants
  2 big kobold zombies (Ossuary)
  A worker ant zombie (D:5)
  2 mummies (Ossuary)
  18 gnolls
  A howler monkey skeleton (D:11)
  11 adders
  2 shadow imps
  An ooze (D:3)
  4 adder zombies
  4 adder skeletons
  2 worms
  4 dart slugs (D:1)
  2 leopard geckos
  83 orcs
  9 bats
  8 giant cockroaches
  6 hobgoblins
  14 jackals
  19 kobolds
  7 quokkas
  6 frilled lizards
  6 goblins
  A goblin zombie (Ossuary)
  10 hobgoblin zombies (Ossuary)
  9 kobold zombies (Ossuary)
  A leopard gecko skeleton (D:8)
  A leopard gecko zombie (D:5)
  An orc skeleton (D:8)
  10 orc zombies
  6 rats
  A rat zombie (Ossuary)
  A bush (Lair:2)
  5 fungi
  20 plants
663 creatures vanquished.

Vanquished Creatures (collateral kills)
  A ball lightning (Lair:4)
1 creature vanquished.

Vanquished Creatures (others)
  28 ball lightnings
  A centaur (D:12)
  2 bushes
  955 foxfires
  3 fungi (Lair:3)
  45 plants
1034 creatures vanquished.

Grand Total: 1698 creatures vanquished

Notes
Turn   | Place    | Note
-------+----------+-------------------------------------------
     0 | D:1      | 15 the Tengu Fire Elementalist began the quest for the Orb.
     0 | D:1      | Reached XP level 1. HP: 10/10 MP: 4/4
   159 | D:1      | Reached XP level 2. HP: 8/15 MP: 0/6
   480 | D:1      | Reached skill level 2 in Conjurations
   517 | D:1      | Reached XP level 3. HP: 17/19 MP: 1/7
   571 | D:1      | Learned a level 3 spell: Conjure Flame
  1251 | D:1      | Reached XP level 4. HP: 20/24 MP: 6/8
  1335 | D:2      | Learned a level 3 spell: Inner Flame
  1395 | D:2      | Reached skill level 1 in Short Blades
  1395 | D:2      | Reached skill level 3 in Conjurations
  1480 | D:2      | Gained mutation: You can fly continuously. [Tengu growth]
  1480 | D:2      | Reached XP level 5. HP: 28/28 MP: 2/9
  1878 | D:2      | Noticed a water moccasin
  2530 | D:4      | Reached skill level 4 in Conjurations
  2799 | D:4      | Reached XP level 6. HP: 26/33 MP: 6/11
  2860 | D:4      | Reached skill level 1 in Long Blades
  2943 | D:4      | Reached skill level 5 in Conjurations
  3265 | D:4      | Found a runed translucent door.
  3266 | D:4      | Noticed Crazy Yiuf
  3276 | D:4      | Killed Crazy Yiuf
  3276 | D:4      | Reached skill level 5 in Fire Magic
  3311 | D:5      | Entered Level 5 of the Dungeon
  3311 | D:5      | Noticed Prince Ribbit
  3312 | D:5      | Reached XP level 7. HP: 37/37 MP: 11/13
  3361 | D:5      | Noticed Grinder
  3366 | D:5      | Paralysed by Grinder for 4 turns
  3375 | D:5      | Killed Grinder
  3375 | D:5      | Reached skill level 1 in Fighting
  3591 | D:5      | Reached skill level 6 in Conjurations
  3591 | D:5      | Reached XP level 8. HP: 43/43 MP: 3/15
  3600 | D:5      | Learned a level 4 spell: Sticky Flame
  3860 | D:5      | Killed Prince Ribbit
  3871 | D:5      | Noticed Eustachio
  4114 | D:5      | Killed Eustachio
  4114 | D:5      | Reached skill level 7 in Conjurations
  4134 | D:5      | Learned a level 5 spell: Fireball
  4516 | D:5      | Found the +9 staff of Olgreb {rPois∞}
  4520 | D:5      | Found a runed translucent door.
  4545 | D:5      | Found a runed translucent gate.
  4545 | D:5      | Found a runed translucent gate.
  4548 | D:5      | Found a runed translucent door.
  4568 | D:5      | Found a runed translucent gate.
  4874 | D:5      | Reached skill level 8 in Conjurations
  4874 | D:5      | Reached XP level 9. HP: 48/48 MP: 12/17
  4889 | D:5      | Found a sacrificial altar of Ru.
  5399 | D:2      | Reached skill level 1 in Armour
  5399 | D:2      | Reached skill level 5 in Spellcasting
  5534 | D:6      | Found Fufimeuch's Assorted Antiques.
  5539 | D:6      | Bought a scroll of identify for 50 gold pieces
  5578 | D:6      | Found Hilo's Jewellery Shoppe.
  5669 | D:6      | Found Tefuizur's Distillery.
  5676 | D:6      | Bought a potion of degeneration for 12 gold pieces
  5863 | D:6      | Reached skill level 9 in Conjurations
  5975 | D:6      | Found Cenny's Armour Shoppe.
  6112 | D:6      | Found an opulent altar of Gozag.
  6731 | D:7      | Found a staircase to the Ecumenical Temple.
  6742 | Temple   | Entered the Ecumenical Temple
  6748 | Temple   | Became a worshipper of Vehumet
  6938 | D:7      | Found a stormy altar of Qazlal.
  7449 | D:7      | Found a shimmering blue altar of Sif Muna.
  7471 | D:7      | Identified Sif Muna's Reference Book on Confrontation
  7659 | D:6      | Found an opulent altar of Gozag.
  7902 | D:7      | Learned a level 1 spell: Magic Dart
  7985 | D:8      | Noticed Joseph
  7996 | D:8      | Killed Joseph
  7996 | D:8      | Reached skill level 10 in Conjurations
  7996 | D:8      | Reached XP level 10. HP: 49/53 MP: 2/20
  8014 | D:8      | Noticed Psyche
  8021 | D:8      | Killed Psyche
  8073 | D:8      | Noticed a two-headed ogre
  8105 | D:8      | Killed a two-headed ogre
  8112 | D:8      | Reached * piety under Vehumet
  8112 | D:8      | Offered knowledge of Freeze by Vehumet.
  8124 | D:8      | Reached skill level 11 in Conjurations
  8327 | D:8      | Found a sand-covered staircase.
  8340 | Ossuary  | Entered an ossuary
  8470 | Ossuary  | Offered knowledge of Shock by Vehumet.
  8474 | Ossuary  | Learned a level 1 spell: Shock
  8485 | Ossuary  | Reached ** piety under Vehumet
  8991 | D:8      | Noticed Maurice
  8999 | D:8      | Killed Maurice
  8999 | D:8      | Reached skill level 1 in Maces & Flails
  9097 | D:8      | Offered knowledge of Stone Arrow by Vehumet.
  9128 | D:8      | Learned a level 3 spell: Stone Arrow
  9149 | D:8      | Reached *** piety under Vehumet
  9369 | D:6      | Bought the +2 robe "Bosm" {rC+ MR+ Dex+2 Stlth+} for 447
                  | gold pieces
  9968 | D:9      | Found a hazy altar of Hepliaklqana.
  9968 | D:9      | Found a shattered altar of Ashenzari.
 10110 | D:9      | Found a flagged portal.
 10172 | Bailey   | Entered a bailey
 10224 | Bailey   | Offered knowledge of Dazzling Flash by Vehumet.
 10412 | Bailey   | Reached skill level 1 in Air Magic
 10602 | Bailey   | Reached XP level 11. HP: 52/59 MP: 1/23
 11320 | D:10     | Entered Level 10 of the Dungeon
 11487 | D:10     | Reached skill level 12 in Conjurations
 11509 | D:10     | Learned a level 3 spell: Dazzling Flash
 11584 | D:10     | Reached **** piety under Vehumet
 11586 | D:10     | Found a staircase to the Orcish Mines.
 11594 | D:10     | Found a roughly hewn altar of Beogh.
 11596 | D:10     | Offered knowledge of Airstrike by Vehumet.
 12203 | D:11     | Noticed an orc knight
 12775 | D:11     | Gained mutation: Potions are less effective at restoring
                  | your health. [potion of mutation]
 12775 | D:11     | Gained mutation: You have a somewhat thin skeletal
                  | structure. (Dex +2, Stealth) [potion of mutation]
 12781 | D:11     | Killed an orc knight
 13175 | D:11     | Reached ***** piety under Vehumet
 13175 | D:11     | Offered knowledge of Iron Shot by Vehumet.
 13175 | D:11     | Reached skill level 13 in Conjurations
 13212 | D:11     | Found a roughly hewn altar of Beogh.
 13490 | D:11     | Reached skill level 1 in Evocations
 13635 | D:11     | Noticed Grum
 13729 | D:11     | Noticed Nergalle
 13738 | D:11     | Killed Nergalle
 13739 | D:11     | Found a staircase to the Lair.
 13890 | D:11     | Reached skill level 5 in Air Magic
 14217 | D:11     | Reached XP level 12. HP: 64/64 MP: 24/25
 14238 | D:11     | Killed Grum
 15702 | Lair:1   | Entered Level 1 of the Lair of Beasts
 16811 | D:12     | Reached skill level 14 in Conjurations
 17136 | D:12     | Noticed Fannar
 17504 | D:12     | Killed Fannar
 18228 | Lair:1   | Reached skill level 5 in Short Blades
 18722 | Lair:1   | Reached skill level 5 in Stealth
 18934 | Lair:1   | Reached skill level 1 in Earth Magic
 18938 | Lair:1   | Reached XP level 13. HP: 69/69 MP: 15/27
 19063 | Lair:1   | Learned a level 6 spell: Iron Shot
 19406 | D:6      | Bought an uncursed ring of resist corrosion for 300 gold
                  | pieces
 19406 | D:6      | Bought the ring "Qaerch" {+Fly Int+6} for 556 gold pieces
 20285 | Lair:2   | Reached skill level 15 in Conjurations
 21480 | Lair:3   | Found a staircase to the Swamp.
 21946 | Lair:3   | Reached skill level 10 in Fire Magic
 22175 | Lair:3   | Reached skill level 5 in Evocations
 22963 | Lair:3   | You are sucked into a shaft and drop 2 floors!
 23383 | Lair:4   | Noticed Urug
 23386 | Lair:3   | Found a runed translucent gate.
 23386 | Lair:3   | Found a runed translucent gate.
 23386 | Lair:3   | Found a runed translucent gate.
 23386 | Lair:3   | Noticed Simyp's ghost (journeyman OpCj)
 23725 | Lair:3   | Reached skill level 16 in Conjurations
 23936 | Lair:3   | Offered knowledge of Conjure Ball Lightning by Vehumet.
 23937 | Lair:3   | Reached skill level 10 in Spellcasting
 24173 | Lair:3   | Learned a level 6 spell: Conjure Ball Lightning
 24683 | Lair:3   | Reached XP level 14. HP: 76/76 MP: 24/29
 25717 | Lair:4   | Killed Urug
 25825 | Lair:4   | Identified the +11 bardiche of Defilement {flame, rC+
                  | Str+3} (You found it on level 4 of the Lair of Beasts)
 25895 | Lair:4   | Lost mutation: Potions are less effective at restoring your
                  | health. [potion of mutation]
 25895 | Lair:4   | Lost mutation: You have a somewhat thin skeletal structure.
                  | (Dex +2, Stealth) [potion of mutation]
 25895 | Lair:4   | Gained mutation: You tend to lose your temper in combat.
                  | [potion of mutation]
 25895 | Lair:4   | Gained mutation: You are partially covered in slimy green
                  | scales. (AC +2) [potion of mutation]
 25986 | Lair:4   | Found a staircase to the Snake Pit.
 27158 | Lair:5   | Reached skill level 5 in Dodging
 27174 | Lair:5   | Reached skill level 1 in Staves
 28489 | Lair:6   | Entered Level 6 of the Lair of Beasts
 29175 | Lair:6   | Reached skill level 17 in Conjurations
 29329 | Lair:6   | Reached skill level 1 in Polearms
 29521 | Lair:6   | Found a viscous altar of Jiyva.
 29522 | Lair:6   | Found a staircase to the Slime Pits.
 29891 | Lair:6   | Reached skill level 10 in Air Magic
 30559 | D:12     | Found a runed translucent door.
 30560 | D:12     | Found a runed translucent door.
 30562 | D:12     | Identified the +5 great mace "Dawagu" {vorpal, *Rage +Rage
                  | rF+ Int+4}
 30566 | D:12     | Offered knowledge of Iskenderun's Battlesphere by Vehumet.
 31132 | D:12     | Found a runed translucent door.
 31153 | D:12     | Identified Yhuepp's Reference Book on Moulding and Feathers
 31158 | D:12     | Learned a level 2 spell: Corpse Rot
 31163 | D:12     | Got a vibrating wooden ring
 31165 | D:12     | Identified the ring "Cumuho" {+Inv rC+ rN+ Str-2} (You
                  | found it on level 12 of the Dungeon)
 31511 | D:13     | Mangled by a two-headed ogre

Levels and vault maps discovered:
D:1:      scummos_arrival_star, layout_basic
D:2:      layout_basic
D:3:      layout_rooms
D:4:      layout_cave_pools, st_stairs_4, uniq_crazy_yiuf_cottage
D:5:      layout_basic, marbit_many_paths, first_ration, chequers_jeans,
          minmay_guarded_unrand_staff_of_olgreb, uniq_grinder,
          uniq_prince_ribbit1, uniq_eustachio
D:6:      lemuel_upstairs_altar, layout_basic, grunt_gozag_statues,
          serial_shops, shop, shop, shop, nicolae_shop_statue_plus
D:7:      layout_loops_ring, nicolae_qazlal_general_emergency, led_sif_book,
          minmay_temple_entry_poolview
D:8:      layout_loops_ring, nicolae_ossuary_entry_catacombs, uniq_maurice,
          uniq_psyche, uniq_joseph
D:9:      layout_gridville, gammafunk_temple_overflow_elements, enter_bailey_8,
          the_bakery
D:10:     layout_loops_ring, minmay_orc_entry_temple_small,
          minmay_misc_feat_enclosed
D:11:     layout_basic, david_lair_shrubbed, special_room [special_room_orc],
          uniq_grum, uniq_nergalle
D:12:     minmay_the_grid_triangle_9x9_rhombus_thin_mashed
          [minmay_the_grid_triangle_9x9_fully_insulated_deathbox,
          minmay_the_grid_triangle_9x9_prize_center,
          minmay_the_grid_triangle_9x9_flanged_cone,
          minmay_the_grid_triangle_9x9_sprig], layout_loops_ring, serial_undead,
          serial_undead_f, serial_undead_a, serial_undead_d, serial_undead_e,
          minivault_26, uniq_fannar
D:13:     layout_loops_ring, grunt_vaults_entry_fortified,
          hangedman_abyss_or_decor_clamps
Temple:   eino_temple_rhombus
Lair:1:   layout_roguey
Lair:2:   wad_woods_pond, layout_gridlike, chequers_serial_rivers_small_3,
          zaba_anthole
Lair:3:   layout_gridlike, minmay_swamp_entry_worms, gammafunk_ghost_hydra_chop,
          beast_lair_carwin_6, serial_bayou_shore_a, minmay_lair_oklob_chamber
Lair:4:   layout_regular_city, guppyfry_snake_entry_garden, uniq_urug
Lair:5:   layout_concentric_octagons
Lair:6:   guppyfry_lair_end_dragon, layout_regular_city, slime_altar_1,
          nicolae_quartered_pool_little

Skill      XL: |  1  2  3  4  5  6  7  8  9 10 11 12 13 14 |
---------------+-------------------------------------------+-----
Conjurations   | 2 3 4 5 6 8 10 11 13 14 16 17 | 17.1
Fire Magic     | 4 5 6 8 9 10 | 10.3
Short Blades   | 1 2 3 4 5 6 |  6.0
Stealth        | 3 4 5 |  5.7
Long Blades    | 1 2 4 |  4.3
Spellcasting   | 3 4 6 7 8 9 10 | 10.6
Fighting       | 1 2 3 4 |  4.3
Dodging        | 3 4 5 |  5.9
Armour         | 1 2 3 |  3.5
Maces & Flails | 1 2 |  2.3
Air Magic      | 1 5 7 9 10 | 10.2
Evocations     | 1 3 6 7 |  7.5
Earth Magic    | 1 2 |  2.5
Staves         | 1 |  1.4
Polearms       | 2 |  2.0
Throwing       | |  0.1
Hexes          | |  0.6

Action                   |  1- 3 |  4- 6 |  7- 9 | 10-12 | 13-15 || total
-------------------------+-------+-------+-------+-------+-------++-------
Melee: Dagger            |    42 |    13 |    19 |     4 |       ||    78
       Kick              |    10 |    16 |    27 |    95 |    57 ||   205
       Peck              |     7 |     8 |    14 |    58 |    32 ||   119
       Long sword        |       |    22 |     4 |    84 |       ||   110
       Flail             |       |     2 |     6 |    34 |       ||    42
       Short sword       |       |    19 |    45 |    39 |       ||   103
       Rapier            |       |       |    34 |   120 |    86 ||   240
       Staff             |       |       |       |    29 |    51 ||    80
       Eveningstar       |       |       |       |       |    24 ||    24
       Bardiche          |       |       |       |       |    19 ||    19
Throw: Stone             |       |     2 |       |       |       ||     2
       Throwing net      |       |       |       |     3 |       ||     3
 Cast: Foxfire           |    46 |    85 |   211 |   255 |    67 ||   664
       Conjure Flame     |     1 |       |     6 |    14 |    65 ||    86
       Sticky Flame      |       |       |    18 |    34 |    25 ||    77
       Fireball          |       |       |    12 |   135 |    63 ||   210
       Shock             |       |       |       |    88 |    18 ||   106
       Stone Arrow       |       |       |       |    62 |    75 ||   137
       Magic Dart        |       |       |       |     6 |     3 ||     9
       Dazzling Flash    |       |       |       |    21 |     6 ||    27
       Inner Flame       |       |       |       |     2 |       ||     2
       Iron Shot         |       |       |       |       |    53 ||    53
       Conjure Ball Ligh |       |       |       |       |    18 ||    18
 Abil: Fly               |       |     1 |       |       |       ||     1
Evoke: Wand              |       |       |       |     5 |    16 ||    21
       Staff of Olgreb   |       |       |       |     6 |     7 ||    13
  Use: Scroll            |     2 |     5 |     2 |    16 |    16 ||    41
       Potion            |     1 |     2 |     3 |    11 |    12 ||    29
 Stab: Sleeping          |     4 |     1 |     1 |     4 |     5 ||    15
       Invisible         |       |       |       |     5 |     2 ||     7
       Distracted        |       |       |       |     1 |     1 ||     2
       Paralysed         |       |       |       |       |     1 ||     1
  Eat: Chunk             |     2 |     7 |    20 |    41 |    21 ||    91
       Ration            |       |       |       |     8 |    14 ||    22
Armor: Robe              |     4 |    11 |       |    24 |    42 ||    81
       Skin              |       |       |     1 |       |       ||     1
       Leather armour    |       |       |    16 |    23 |       ||    39
Dodge: Dodged            |    40 |    40 |    73 |   284 |   139 ||   576
       Rpst.: Long sword |       |     3 |     3 |    17 |       ||    23

Table legend:
 A = Non-vault XP
 B = Vault XP
 C = Vault XP percentage of total XP
 D = Non-vault monster count
 E = Vault monster count
 F = Vault count percentage of total count
                 A         B        C        D         E       F
            +---------+---------+-------+---------+---------+-------
      Total |   57085 |   27459 |  32.5 |     446 |     192 |  30.1
            +---------+---------+-------+---------+---------+-------
        D:1 |      84 |       0 |   0.0 |      34 |       0 |   0.0
        D:2 |     255 |       0 |   0.0 |      18 |       0 |   0.0
        D:3 |      48 |       0 |   0.0 |      23 |       0 |   0.0
        D:4 |     304 |      37 |  10.9 |      13 |       1 |   7.1
        D:5 |    1193 |    2464 |  67.4 |      43 |      22 |  33.8
        D:6 |    1061 |       0 |   0.0 |      31 |       0 |   0.0
        D:7 |     462 |      82 |  15.1 |      18 |       2 |  10.0
        D:8 |    1708 |    1697 |  49.8 |      31 |       9 |  22.5
        D:9 |     572 |       0 |   0.0 |      15 |       0 |   0.0
       D:10 |    1863 |     233 |  11.1 |      17 |       7 |  29.2
       D:11 |    5329 |    3433 |  39.2 |      50 |      27 |  35.1
       D:12 |    4746 |    8377 |  63.8 |      37 |      22 |  37.3
       D:13 |     926 |       0 |   0.0 |       2 |       0 |   0.0
     Lair:1 |    3321 |       0 |   0.0 |      14 |       0 |   0.0
     Lair:2 |    9993 |     590 |   5.6 |      23 |       6 |  20.7
     Lair:3 |    7895 |    4566 |  36.6 |      21 |      12 |  36.4
     Lair:4 |    2963 |     984 |  24.9 |      15 |       2 |  11.8
     Lair:5 |   10226 |       0 |   0.0 |      26 |       0 |   0.0
     Lair:6 |    4136 |    3554 |  46.2 |      15 |      13 |  46.4
    Ossuary |       0 |     219 | 100.0 |       0 |      39 | 100.0
     Bailey |       0 |    1223 | 100.0 |       0 |      30 | 100.0
            +---------+---------+-------+---------+---------+-------
